 Dungeon Crawl Stone Soup version 0.29.1-2-gbd0b4ee654 (webtiles) character file.

Game seed: 5933792163636326763

364 warriortoast the Sneak (level 6, 0/28 HPs)
             Began as a Spriggan Enchanter on Nov 17, 2022.
             Slain by an orc priest
             ... wielding a +0 dagger
              (4 damage)
             ... on level 3 of the Dungeon.
             The game lasted 00:13:23 (5124 turns).

warriortoast the Sneak (Spriggan Enchanter)         Turns: 5124, Time: 00:13:24

Health: 0/28       AC:  2    Str:  6    XL:     6   Next: 39%
Magic:  10/13      EV: 18    Int: 17    God:
Gold:   194        SH:  0    Dex: 15    Spells: 5/13 levels left

rFire   . . .      SeeInvis +   f - +4 dagger (protect)
rCold   . . .      Faith    .   (no shield)
rNeg    . . .      Spirit   .   b - +0 robe
rPois   .          Reflect  .   (helmet restricted)
rElec   .          Harm     .   (no cloak)
rCorr   .          Rampage  .   (gloves unavailable)
Will    +....                   (boots unavailable)
Stlth   +++.......              (no amulet)
HPRegen 0.09/turn               (no ring)
MPRegen 0.13/turn               (no ring)

@: very quick
A: very small, no large weapons, unfitting armour, see invisible, speed 3
a: no special abilities


You were on level 3 of the Dungeon.
You visited 1 branch of the dungeon, and saw 4 of its levels.
You also visited: Sewer.

You collected 194 gold pieces.

Inventory:

Hand Weapons
 a - a +1 dagger
 f - a +4 dagger of protection (weapon)
 v - a +2 short sword of electrocution
Armour
 b - a +0 robe (worn)
Jewellery
 d - an amulet of guardian spirit
 i - a ring of magical power
Wands
 j - a wand of flame (23)
Scrolls
 g - a scroll of enchant weapon
 h - a scroll of fear
 l - a scroll of summoning {unknown}
 n - a scroll of vulnerability {unknown}
 o - 5 scrolls of teleportation
 t - a scroll of identify
Potions
 c - 3 potions of invisibility
 e - a potion of lignification
 k - a potion of cancellation {unknown}
 m - 2 potions of mutation
 p - 2 potions of heal wounds
 q - a potion of curing {unknown}
 r - 2 potions of might
 s - a potion of magic {unknown}
 u - a potion of ambrosia


   Skills:
 + Level 3.2 Short Blades
 + Level 4.6 Dodging
 + Level 6.4 Stealth
 + Level 4.4 Spellcasting
 + Level 5.0 Hexes


You had 5 spell levels left.
You knew the following spells:

 Your Spells              Type           Power      Damage    Failure   Level
a - Ensorcelled Hibernat  Hex/Ice        24%        N/A       9%          2
b - Confusing Touch       Hex            20%        N/A       5%          3
c - Tukima's Dance        Hex            20%        N/A       5%          3

Your spell library contained the following spells:

 Spells                   Type           Power      Damage    Failure   Level
 Slow                     Hex            80%        N/A       1%          1
 Beastly Appendage        Tmut           6%         N/A       16%         1
 Magic Dart               Conj           12%        1d3       16%         1
 Dazzling Flash           Conj/Hex       24%        N/A       16%         3
 Searing Ray              Conj           6%         2d4       22%         2
 Wereblood                Tmut           3%         N/A       22%         2
 Gell's Gravitas          Tloc           3%         N/A       41%         3
 Lesser Beckoning         Tloc           3%         N/A       41%         3
 Spider Form              Tmut/Pois      3%         N/A       41%         3
 Teleport Other           Tloc           3%         N/A       41%         3
 Vampiric Draining        Necr           3%         2d6       41%         3
 Fulminant Prism          Conj/Hex       6%         3d7       47%         4


Dungeon Overview and Level Annotations

Branches:
Dungeon (4/15)              Sewer (visited)
 Temple: D:4-7

Altars:
Makhleb
Okawaru
Sif Muna
Uskayaw
Zin
The Shining One


Innate Abilities, Weirdness & Mutations

You are very small and have problems with some larger weapons.
You are too small for most types of armour.
You have supernaturally acute eyesight. (SInv)
You cover ground extremely quickly. (Speed+++)


Message History

The orc priest calls down the wrath of Beogh upon you.
Beogh smites you!
You barely miss the orc priest.
The orc wizard points at you and mumbles some strange words.
You resist with almost no effort.
The orc priest hits the orc wizard with a +0 dagger.
Something misses the orc wizard.
There is a stone staircase leading up here.
You climb upwards.
There is a stone staircase leading down here.
You start resting.
Magic restored.
You start resting.
HP restored.
You climb downwards.
The orc priest hits you with a +0 dagger.
There is a stone staircase leading up here.
The orc priest calls down the wrath of Beogh upon you.
Beogh smites you!
You climb upwards.
There is a stone staircase leading down here.
Casting: Confusing Touch (quite dangerous; 5% risk of failure)
Confirm with . or Enter, or press ? or * to list all spells.
The spell is quite dangerous to miscast (5% risk of failure)!
Continue anyway? [Y]es or [N]o only, please.
The spell is quite dangerous to miscast (5% risk of failure)!
Continue anyway? [Y]es or [N]o only, please.
The spell is quite dangerous to miscast (5% risk of failure)!
Continue anyway? [Y]es or [N]o only, please.
The spell is quite dangerous to miscast (5% risk of failure)!
Continue anyway? [Y]es or [N]o only, please.
The spell is quite dangerous to miscast (5% risk of failure)!
Continue anyway?
Your hands begin to glow red.
The orc priest invokes the aid of Beogh against you.
Pain shoots through your body!
* * * LOW HITPOINT WARNING * * *
You hit the orc priest but do no damage.
The orc priest appears confused.
The orc priest hits you with a +0 dagger.
You die...

#.# ##.## #.#
##...## ##### #.#
##.....##### #....
#.#
#.....†....###.###
#.#
#......###........
#.###.#>..##
###.#.#.#
#........##
#........
#####<####
##....~... #@#
#...~~~~~. #o#
##.####~#~# #.#
#..#~~~~~~~
##.######.##~######
#..........#~~~~~~#
#.#####.#######~#~#
#.# #.# #~~~~#~#
#.# #.# #~##~#~#
#.# #.# #~#~~#~#


You could see an orc priest (confused).

Vanquished Creatures
  A kobold brigand (Sewer)
  A scorpion (D:4)
  2 iguanas (D:4)
  4 adders
  3 river rats
  6 worms
  A dart slug (D:1)
  7 orcs
  9 endoplasms
  4 giant cockroaches
  8 goblins
  11 hobgoblins
  3 jackals (D:1)
  4 quokkas
  6 ball pythons
  3 bats
  9 frilled lizards
  6 kobolds
  8 rats
96 creatures vanquished.

Vanquished Creatures (others)
  11 plants (D:4)
11 creatures vanquished.

Grand Total: 107 creatures vanquished

Notes
Turn   | Place    | Note
-------+----------+-------------------------------------------
     0 | D:1      | warriortoast the Spriggan Enchanter began the quest for the
                  | Orb.
     0 | D:1      | Reached XP level 1. HP: 9/9 MP: 5/5
   238 | D:1      | Reached XP level 2. HP: 13/13 MP: 6/6
   247 | D:1      | Learned a level 2 spell: Ensorcelled Hibernation
   992 | D:2      | Reached XP level 3. HP: 16/16 MP: 5/8
  1049 | D:2      | Reached skill level 5 in Stealth
  1638 | D:3      | Found a hide-covered altar of Uskayaw.
  1746 | D:3      | Reached XP level 4. HP: 21/21 MP: 7/10
  1810 | D:3      | Found a glowing drain.
  1818 | Sewer    | Entered a sewer
  2398 | Sewer    | Noticed a kobold brigand
  2491 | Sewer    | Killed a kobold brigand
  2492 | Sewer    | Reached XP level 5. HP: 24/24 MP: 8/11
  2740 | D:3      | Found a glowing golden altar of the Shining One.
  3646 | D:4      | Learned a level 3 spell: Confusing Touch
  3650 | D:4      | Learned a level 3 spell: Tukima's Dance
  4007 | D:4      | Reached skill level 6 in Stealth
  4563 | D:4      | Reached XP level 6. HP: 28/28 MP: 13/13
  4818 | D:4      | Found a shimmering blue altar of Sif Muna.
  4818 | D:4      | Found an iron altar of Okawaru.
  4833 | D:4      | Found a burning altar of Makhleb.
  4839 | D:4      | Reached skill level 5 in Hexes
  4879 | D:4      | Found a glowing silver altar of Zin.
  4881 | D:4      | Found a faded altar of an unknown god.
  5124 | D:3      | Slain by an orc priest

Illustrated notes

Levels and vault maps discovered:
D:1:      pf_arrival_petrified_forest, layout_basic
D:2:      layout_basic
D:3:      layout_loops_ring, tso_metal_star, eat_drink_and_be_merry_uskayaw,
          lightli_sewer_entry_pipes, corner_web_ring, kennysheep_path_1
D:4:      layout_layer_cave, chequers_temple_overflow_minitemple,
          serial_bayou_crossing

Skill      XL: |  1  2  3  4  5  6 |
---------------+-------------------+-----
Dodging        | 3 4 |  4.6
Spellcasting   | 3 4 |  4.4
Hexes          | 4 5 |  5.0
Stealth        | 5 6 |  6.4
Short Blades   | 2 3 |  3.2

Action                   |  1- 3 |  4- 6 || total
-------------------------+-------+-------++-------
Melee: Dagger            |   118 |   132 ||   250
       Punch             |     1 |       ||     1
 Cast: Ensorcelled Hiber |    16 |    46 ||    62
       Confusing Touch   |       |     3 ||     3
  Use: Scroll            |     8 |     4 ||    12
       Potion            |       |     1 ||     1
 Stab: Sleeping          |    21 |    28 ||    49
       Confused          |       |     1 ||     1
Armor: Robe              |    19 |    19 ||    38
Dodge: Dodged            |    74 |    76 ||   150
